 Dungeon Sprint DCSS version 0.30-a0-1103-g25895a7845 (webtiles) character file.

Game seed: 16372362186155792074

1288 fozzywoppz the Blocker (level 8, 0/82 HPs)
             Began as a Minotaur Fighter on Apr 18, 2023.
             Was a Believer of Okawaru.
             Slain by a vampire (5 damage)
             ... in the Dungeon (Sprint IX: "|||||||||||||||||||||||||||||").
             The game lasted 00:03:14 (332 turns).

fozzywoppz the Blocker (Minotaur Fighter)            Turns: 332, Time: 00:03:15

Health: 0/82       AC: 18    Str: 24    XL:     8   Next: 30%
Magic:  11/11      EV:  7    Int:  8    God:    Okawaru [**....]
Gold:   0          SH:  6    Dex: 12    Spells: 7/7 levels left

rFire   . . .      SeeInvis .    a - +0 flail
rCold   . . .      Faith    .    c - +0 buckler
rNeg    . . .      Spirit   .    t - +0 plate armour
rPois   .          Reflect  .    (helmet restricted)
rElec   .          Rampage  .    p - +0 cloak
rCorr   .          NoTele   +    (no gloves)
Will    .....                    q - +0 pair of boots Stlth
                                 (no amulet)
HPRegen 0.33/turn                n - +3 ring of intelligence
MPRegen 0.12/turn                o - +3 ring of strength

@: spiked, hasted, very quick
A: horns 2, retaliatory headbutt
a: Renounce Religion, Heroism


You were in the Dungeon.
You worshipped Okawaru.
Okawaru was pleased with you.
You visited 1 branch

Inventory:

Hand Weapons
 a - a +0 flail (weapon)
 b - a +2 heavy dire flail
Armour
 c - a +0 buckler (worn)
 p - a +0 cloak (worn)
 q - a +0 pair of boots (worn)
 t - a +0 plate armour (worn)
Jewellery
 n - a +3 ring of intelligence (left hand)
 o - a +3 ring of strength (right hand)
Wands
 m - a wand of roots (10)
Scrolls
 j - 2 scrolls of blinking
 l - 2 scrolls of amnesia
Potions
 e - 4 potions of curing
 f - a potion of invisibility
 h - 4 potions of magic
 i - a potion of berserk rage


   Skills:
 + Level 11.0 Fighting
 + Level 10.6 Maces & Flails
 + Level 11.0 Armour
 + Level 11.0 Shields
 + Level 6.3 Invocations


You had 7 spell levels left.
You didn't know any spells.
Your spell library was empty.

Dungeon Overview and Level Annotations

Branches:
Dungeon (1/1)

Altars:
Cheibriados
Dithmenos
Elyvilon
Fedhas
Gozag
Hepliaklqana
Kikubaaqudgha
Makhleb
Nemelex Xobeh
Okawaru
Qazlal
Ru
Sif Muna
Trog
Uskayaw
Vehumet
Wu Jian
Xom
Yredelemnul
Zin
The Shining One
Jiyva
Lugonu


Innate Abilities, Weirdness & Mutations

You have a pair of horns on your head.
You reflexively headbutt those who attack you in melee.


Message History

Something draws life force from you!
You hit the deep elf pyromancer but do no damage.
You headbutt the deep elf pyromancer!
The deep elf pyromancer is heavily wounded.
You carefully extract the barbed spikes from your body.
The deep elf pyromancer hits you with a +0 long sword.
You block something's attack. Something bites you but does no damage.
You thump the deep elf pyromancer! You headbutt the deep elf pyromancer!
You kill the deep elf pyromancer!
Okawaru is honoured by your kill.
The fire elemental disappears in a puff of smoke! x2
Something hits you but does no damage. Something bites you but does no damage.
Your Fighting skill increases to level 11!
Your Armour skill increases to level 11!
Your Shields skill increases to level 11!
Your Invocations skill increases to level 6!
You have reached level 8!
You feel stronger.
You completely miss something. Something hits you.
* * * LOW HITPOINT WARNING * * *
Something bites you!
* * * LOW HITPOINT WARNING * * *
Something draws strength from your injuries!
You feel yourself speed up. Something hits you but does no damage.
Something bites you but does no damage.
You thump something! You miss something. Your headbutt misses something.
The manticore flicks its tail.
The volley of spikes hits something.
Something hits you.
* * * LOW HITPOINT WARNING * * *
Something bites you.
* * * LOW HITPOINT WARNING * * *
Something draws strength from your injuries!
You feel better.
The manticore flicks its tail.
The volley of spikes hits you!
The barbed spikes become lodged in your body.
* * * LOW HITPOINT WARNING * * *
Something hits you.
You die... ▓▓▓▓▓▓▓▓▓▓▓▓▓▓▓▓▓▓▓▓▓▓▓▓ ..euQH{@)..))'..[...)..' ▓▓▓▓▓▓▓▓▓▓▓▓▓▓▓▓▓▓▓▓▓▓▓▓

You could see a purple ugly thing, a tengu warrior, a manticore and a deep elf pyromancer.

Vanquished Creatures
  A deep elf pyromancer (D)
  A shadow (D)
  A yak (D)
  A vampire mosquito (D)
  A steam dragon (D)
  An orc warrior (D)
  A centaur (D)
  A phantom (D)
  A scorpion (D)
  A sleepcap (D)
  An iguana (D)
  An adder (D)
  2 ball pythons (D)
  2 kobolds (D)
  A bat (D)
17 creatures vanquished.

Notes
Turn   | Place    | Note
-------+----------+-------------------------------------------
     0 | D        | fozzywoppz the Minotaur Fighter began the quest for the
                  | Orb.
     0 | D        | Reached XP level 1. HP: 19/19 MP: 0/0
    19 | D        | Noticed a sleepcap
    19 | D        | Noticed a scorpion
    19 | D        | Noticed an iguana
    19 | D        | Noticed a phantom
    28 | D        | Killed a phantom
    29 | D        | Reached skill level 5 in Maces & Flails
    29 | D        | Reached XP level 2. HP: 11/30 MP: 1/1
    29 | D        | Reached XP level 3. HP: 14/37 MP: 2/2
    29 | D        | Reached XP level 4. HP: 17/44 MP: 3/3
    42 | D        | Killed a scorpion
    43 | D        | Reached XP level 5. HP: 24/52 MP: 4/4
    54 | D        | Found a snail-covered altar of Cheibriados.
    54 | D        | Found a shadowy altar of Dithmenos.
    54 | D        | Found a white marble altar of Elyvilon.
    54 | D        | Found a blossoming altar of Fedhas.
    54 | D        | Found an opulent altar of Gozag.
    55 | D        | Found a hazy altar of Hepliaklqana.
    56 | D        | Found a viscous altar of Jiyva.
    57 | D        | Found an ancient bone altar of Kikubaaqudgha.
    58 | D        | Found a corrupted altar of Lugonu.
    59 | D        | Found a burning altar of Makhleb.
    60 | D        | Found a sparkling altar of Nemelex Xobeh.
    61 | D        | Found an iron altar of Okawaru.
    62 | D        | Found a stormy altar of Qazlal.
    63 | D        | Found a sacrificial altar of Ru.
    64 | D        | Found a shimmering blue altar of Sif Muna.
    65 | D        | Found a bloodstained altar of Trog.
    66 | D        | Found a hide-covered altar of Uskayaw.
    67 | D        | Found a radiant altar of Vehumet.
    68 | D        | Found an ornate altar of the Wu Jian Council.
    69 | D        | Found a shimmering altar of Xom.
    71 | D        | Became a worshipper of Warmaster Okawaru
    73 | D        | Found a basalt altar of Yredelemnul.
    74 | D        | Found a glowing silver altar of Zin.
    75 | D        | Found a glowing golden altar of the Shining One.
   119 | D        | Got the +2 scimitar "Odisk" {protect, rPois MP+9 SInv}
   182 | D        | Noticed an orc warrior
   182 | D        | Noticed a steam dragon
   182 | D        | Noticed a vampire mosquito
   182 | D        | Noticed a centaur
   182 | D        | Noticed a shadow
   182 | D        | Noticed a yak
   189 | D        | Killed a yak
   190 | D        | Reached XP level 6. HP: 50/62 MP: 4/7
   193 | D        | Killed a shadow
   193 | D        | Reached * piety under Okawaru
   196 | D        | Reached XP level 7. HP: 31/70 MP: 4/9
   200 | D        | Killed a vampire mosquito
   204 | D        | Killed a steam dragon
   205 | D        | Reached skill level 10 in Fighting
   205 | D        | Reached skill level 10 in Armour
   205 | D        | Reached skill level 10 in Shields
   205 | D        | Reached skill level 5 in Invocations
   207 | D        | Reached ** piety under Okawaru
   208 | D        | Reached skill level 10 in Maces & Flails
   316 | D        | Noticed a deep elf pyromancer
   316 | D        | Noticed a purple ugly thing
   316 | D        | Noticed a deep elf pyromancer
   316 | D        | Noticed a tengu warrior
   316 | D        | Noticed a manticore
   316 | D        | Noticed a vampire
   326 | D        | Noticed a fire elemental
   326 | D        | Noticed a fire elemental
   327 | D        | Killed a deep elf pyromancer
   328 | D        | Reached XP level 8. HP: 25/82 MP: 11/11
   332 | D        | Slain by a vampire

Illustrated notes

Levels and vault maps discovered:
D:        linesprint [early_d, line_temple, items_1, d_10, items_2, lair_1,
          lair_end, items_3, orc_1, orc_end, items_4, d_15, swamp_1, shoals_1,
          snake_1, spider_1, d_20, vaults_1, items_5, swamp_end, shoals_end,
          snake_end, spider_end, vaults_end, d_27, items_6, zot_1, zot_end,
          crypt_end, forest_end, elf_end, slime_end, tomb_end, abyss_end,
          pan_hell_end]

Skill      XL: |  1  2  3  4  5  6  7 |
---------------+----------------------+-----
Fighting       | 6 7 8 9 11 | 11.0
Armour         | 6 7 8 9 11 | 11.0
Shields        | 6 7 8 9 11 | 11.0
Maces & Flails | 5 6 8 9 10 | 10.6
Invocations    | 2 4 6 |  6.3

Action                     |  1- 3 |  4- 6 |  7- 9 || total
---------------------------+-------+-------+-------++-------
  Melee: Flail             |    18 |    29 |    22 ||    69
         Headbutt          |     2 |     7 |     5 ||    14
    Use: Potion            |       |     2 |     4 ||     6
 Armour: Scale mail        |     6 |     4 |       ||    10
         Plate armour      |       |     5 |    17 ||    22
  Dodge: Dodged            |     7 |    12 |     4 ||    23
  Block: Buckler           |     4 |     5 |     9 ||    18

Table legend: (Time is in decaauts)
 A = Elapsed time spent in this place.
 B = Non-inter-level travel time spent in this place.
 C = Inter-level travel time spent in this place.
 D = Time resting spent in this place.
 E = Time spent auto-exploring this place.
 F = Levels seen in this place.
 G = Mean time per level.
                   A        B        C        D        E       F      G
               +--------+--------+--------+--------+--------+-----+--------+
         Total |    337 |    337 |      0 |    118 |      0 |   1 |  337.0 |
       Dungeon |    337 |    337 |      0 |    118 |      0 |   1 |  337.0 |
               +--------+--------+--------+--------+--------+-----+--------+

Top non-repeatable levels by time:
       D: 337 daAuts
